 Dungeon Crawl Stone Soup version 0.29.0-11-gd7f09526c8 (webtiles) character file.

Game seed: 12563288304909722161

2 xian the Sneak (level 1, -11/21 HPs)
             Began as a Naga Delver on Sept 3, 2022.
             Killed from afar by an orc wizard (13 damage)
             ... with a puff of flame
             ... on level 4 of the Dungeon.
             The game lasted 00:00:44 (67 turns).

xian the Sneak (Naga Delver)                          Turns: 67, Time: 00:00:45

Health: -11/21     AC:  1    Str: 14    XL:     1   Next: 30%
Magic:  1/1        EV:  9    Int: 10    God:
Gold:   0          SH:  0    Dex: 12    Spells: 0/0 levels left

rFire   . . .      SeeInvis +   a - +0 hand axe
rCold   . . .      Faith    .   (no shield)
rNeg    . . .      Spirit   .   b - +0 leather armour
rPois   +          Reflect  .   (no helmet)
rElec   .          Harm     .   (no cloak)
rCorr   .          Rampage  .   (no gloves)
Will    .....                   (no barding)
Stlth   +.........              (no amulet)
HPRegen 0.07/turn               (no ring)
MPRegen 0.07/turn               (no ring)

@: confused, hasted, quick
A: AC +0, large, see invisible, deformed body, poison resistance, slowness 2,
spit poison 1, naga tail 1
a: Spit Poison


You were on level 4 of the Dungeon.
You visited 1 branch of the dungeon, and saw 2 of its levels.

Inventory:

Hand Weapons
 a - a +0 hand axe (weapon)
Missiles
 i - 2 curare-tipped darts
Armour
 b - a +0 leather armour (worn)
Wands
 g - a wand of digging (3)
Scrolls
 c - a scroll of fog
 d - a scroll of magic mapping
 h - a scroll of poison {unknown}


   Skills:
 + Level 3.1 Fighting
 + Level 2.0 Axes
 + Level 1.5 Dodging
 + Level 7.2 Stealth


You couldn't memorise any spells.
You didn't know any spells.
Your spell library was empty.

Dungeon Overview and Level Annotations

Branches:
Dungeon (5/15)             Temple (0/1) D:5

Altars:
Kikubaaqudgha
Makhleb


Innate Abilities, Weirdness & Mutations

Your serpentine skin is tough. (AC +0)
You have supernaturally acute eyesight. (SInv)
Armour fits poorly on your strangely shaped body.
Your system is resistant to poisons. (rPois)
You cover ground very slowly.
You can spit poison.
You have a snake-like lower body.


Message History

The splash of poison hits the orc.
The orc is poisoned.
The orc is moderately wounded.
The orc shouts! x2; You hear a shout!
The orc looks more healthy.
An orc comes into view. It is wielding a +0 flail.
An orc wizard comes into view. It is wielding a +0 dagger.
You completely miss the orc.
The orc is severely wounded.
You have got your breath back.
The orc hits you with a +0 dagger. x2
The orc wizard shouts!
You hit the orc.
You kill the orc!
The orc hits you with a +0 club.
Things that are here:
a +0 dagger; a +0 leather armour; an orc corpse
As you read the scroll of fear, it crumbles to dust.
You assume a fearsome visage.
The orc wizard resists with some effort.
The orc looks frightened! x2
The orc wizard hits you with a +0 dagger. x2
The orc wizard attacks as you move away!
The orc wizard hits you with a +0 dagger.
* * * LOW HITPOINT WARNING * * *
Found a shortbow.
The orc cries, "Mercy!"
The orc wizard casts a spell at you.
You are confused.
Cornered, the orc turns to fight!
The orc wizard hits you with a +0 dagger.
* * * LOW HITPOINT WARNING * * *
There is an escape hatch in the ceiling here.
The orc wizard hits you with a +0 dagger.
* * * LOW HITPOINT WARNING * * *
A mysterious force pulls you upwards. The hatch slams shut behind you.
You feel yourself speed up. The orc wizard casts a spell at you.
The puff of flame hits you!
Ouch! That really hurt!
You die...

#.# #.#
#.# #.#
#.# #.#
#######.#
.......@#
#######o#
###


You could see an orc wizard.

Vanquished Creatures
  An orc (D:5)
1 creature vanquished.

Notes
Turn   | Place    | Note
-------+----------+-------------------------------------------
     0 | D:5      | xian the Naga Delver began the quest for the Orb.
     0 | D:5      | Reached XP level 1. HP: 21/21 MP: 1/1
    11 | D:5      | Found an ancient bone altar of Kikubaaqudgha.
    28 | D:5      | Found a staircase to the Ecumenical Temple.
    56 | D:5      | Noticed an orc wizard
    67 | D:4      | Killed from afar by an orc wizard

Illustrated notes

Levels and vault maps discovered:
D:4:      layout_basic, bloody_trog, nicolae_shop_overcharged_wands,
          uniq_duvessa, uniq_sigmund
D:5:      layout_cave_pools, mainiacjoe_overflow_small_starburst,
          bloody_makhleb, minmay_temple_entry_wispy

Action                   || total
-------------------------++-------
Melee: Hand axe          ||     2
 Abil: Spit Poison       ||     1
  Use: Scroll            ||     1
       Potion            ||     1
